[Event "Titled Tuesday Blitz November 22 Early 2022"]
[White "Heinemann, Josefine"]
[Black "Odegov, Artem"]
[WhiteFideId "12900460"]
[BlackFideId "34183644"]
[WhiteElo "2300"]
[BlackElo "2298"]
[Result "1/2-1/2"]
[Round "04"]
[TimeControl "180+1"]
[Date "2022.11.23"]
[WhiteClock "0:00:18"]
[BlackClock "0:00:13"]

1. Nf3 d5 2. e3 Nf6 3. c4 e6 4. Nc3 c5 5. cxd5 exd5 6. Bb5+ Nc6 7. O-O Be7 8. d4 O-O 9. b3 Bg4 10. Be2 Ne4 11. Bb2 Nxc3 12. Bxc3 Bxf3 13. Bxf3 cxd4 14. Bxd4 Nxd4 15. exd4 Bf6 16. Rc1 Qd6 17. Rc5 Qa6 18. a4 Rad8 19. Rxd5 Rxd5 20. Bxd5 Rd8 21. Qf3 Qb6 22. Bxb7 Qxd4 23. g3 a5 24. Ba6 Qb6 25. Bc4 g6 26. Kg2 Kg7 27. h4 h5 28. Re1 Rd6 29. Re8 Qc6 30. Qxc6 Rxc6 31. Re3 Rc7 32. Rd3 Be7 33. Rd5 Bb4 34. Rb5 Rd7 35. Bd5 Rc7 36. Bc4 Rd7 37. Bd5 Rc7 38. Rb7 Rxb7 39. Bxb7 f6 40. Bd5 g5 41. g4 hxg4 42. h5 Kh6 43. Bf7 f5 44. Kg3 Bd6+ 45. Kg2 f4 46. f3 g3 47. Bg6 Bc5 48. Bf7 Kg7 49. Be6 Bd4 50. Bg4 Kh6 51. Kf1 Bc5 52. Kg2 Kg7 53. Kf1 Bd4 54. Kg2 Kf6 55. Kf1 Bc5 56. Kg2 Bf8 57. Kf1 Ke5 58. Kg2 Kd4 59. Be6 Kd3 60. Kf1 Kc3 61. Kg2 Kc2 62. Bd5 Kd3 63. Be6 Ke3 64. Bg4 Ke2 65. Bf5 Kd2 66. Bg4 Kd3 67. Bf5+ Kd4 68. Be6 Kc3 69. Bd5 Bg7 70. Be6 Bh6 71. Bd5 Kd3 72. Be6 Bf8 73. Bg4 Kc3 74. Be6 Kd4 75. Bg4 Ke5 76. Bh3 Kf6 77. Bg4 Ke5 78. Bh3 Kd5 79. Bg4 Kc5 80. Bf5 Kd5 81. Bg4 Kd4 82. Bf5 Ke5 83. Bg4 Kf6 84. Bh3 Kg7 85. Bg4 Kh6 86. Kf1 Bc5 87. Kg2 Bb4 88. Kf1 Bc5 1/2-1/2


[Site "https://www.chess.com"]

[Event "Titled Tuesday Blitz November 22 Early 2022"]
[White "Horak, Martin"]
[Black "Artemenko, Oleg"]
[WhiteFideId "367095"]
[BlackFideId "14201798"]
[WhiteElo "2091"]
[BlackElo "2287"]
[Result "0-1"]
[Round "04"]
[TimeControl "180+1"]
[Date "2022.11.23"]
[WhiteClock "0:00:01"]
[BlackClock "0:01:15"]

1. e4 e6 2. d4 d5 3. Bd3 Nf6 4. e5 Nfd7 5. c3 c5 6. Nf3 Nc6 7. O-O Qb6 8. a3 cxd4 9. cxd4 Nxd4 10. Re1 Bc5 11. Nc3 Nb3 12. Na4 Bxf2+ 13. Kf1 Qc7 14. Kxf2 Nxa1 15. Bd2 b5 16. Nc3 Nc5 17. Bxb5+ Bd7 18. Qxa1 Rb8 19. Bxd7+ Kxd7 20. Kg1 Nd3 21. Re2 Nxb2 22. Nd4 Nc4 23. Be1 Rb7 24. Qd1 Rhb8 25. Qa4+ Kc8 26. Nc6 Ra8 27. Nd4 Qd7 28. Ndb5 a6 29. Nd6+ Nxd6 30. Qxd7+ Kxd7 31. exd6 Kxd6 32. Bg3+ Kd7 33. Na4 Rc8 34. h4 Rc4 35. Nb2 Rc3 36. Be5 Rc1+ 37. Kf2 f6 38. Bd4 e5 0-1


[Site "https://www.chess.com"]

[Event "Titled Tuesday Blitz November 22 Early 2022"]
[White "Ibadov, Dashgyn"]
[Black "Zanette, Edgard Vinicius"]
[WhiteFideId "24107514"]
[BlackFideId "2109263"]
[WhiteElo "2208"]
[BlackElo "2211"]
[Result "1-0"]
[Round "04"]
[TimeControl "180+1"]
[Date "2022.11.23"]
[WhiteClock "0:00:23"]
[BlackClock "0:00:02"]

1. e4 c5 2. Nf3 d6 3. Bb5+ Bd7 4. Bxd7+ Nxd7 5. O-O Ngf6 6. Re1 e5 7. c3 Be7 8. d4 h6 9. dxe5 dxe5 10. Na3 O-O 11. Nc4 Qc7 12. Qc2 Rfe8 13. a4 b6 14. Nh4 Bf8 15. Nf5 Kh7 16. f3 g6 17. Nfe3 Rad8 18. Bd2 Bg7 19. Rad1 Nf8 20. Bc1 Ne6 21. Nd5 Nxd5 22. exd5 Nf4 23. Bxf4 exf4 24. Re4 f5 25. Rxe8 Rxe8 26. d6 Qd7 27. Qd3 Re6 28. Qd2 g5 29. Qd5 Kg6 30. h4 Bf6 31. Kh2 g4 32. h5+ Kg7 33. Qxf5 g3+ 34. Kh3 Re7 35. Kg4 Qxf5+ 36. Kxf5 Rd7 37. Ke6 Rd8 38. d7 Bg5 39. Ne5 Rh8 40. Nf7 Rf8 41. Nxg5 hxg5 42. d8=Q 1-0


[Site "https://www.chess.com"]

[Event "Titled Tuesday Blitz November 22 Early 2022"]
[White "Indjic, Aleksandar"]
[Black "Akbas, Umut Ata"]
[WhiteFideId "911925"]
[BlackFideId "44572646"]
[WhiteElo "2592"]
[BlackElo "2192"]
[Result "0-1"]
[Round "04"]
[TimeControl "180+1"]
[Date "2022.11.22"]
[WhiteClock "0:00:21"]
[BlackClock "0:01:24"]

1. d4 Nf6 2. Nf3 e6 3. Bg5 d5 4. e3 Nbd7 5. Nbd2 Be7 6. c3 b6 7. Bd3 Bb7 8. Qb1 h6 9. Bf4 Bd6 10. Bg3 Qe7 11. Ne5 Bxe5 12. dxe5 Nh5 13. f4 Nxg3 14. hxg3 O-O-O 15. Nf3 f6 16. Rh5 g5 17. a4 fxe5 18. fxe5 Qg7 19. a5 Nxe5 20. axb6 axb6 21. Nd4 Nxd3+ 22. Qxd3 Qe5 23. Kf2 Rdf8+ 24. Kg1 Qxg3 25. Nxe6 d4 26. Rh2 Rf2 0-1


[Site "https://www.chess.com"]

[Event "Titled Tuesday Blitz November 22 Early 2022"]
[White "Ivic, Velimir"]
[Black "Babazada, Khazar"]
[WhiteFideId "950122"]
[BlackFideId "13413554"]
[WhiteElo "2625"]
[BlackElo "2359"]
[Result "0-1"]
[Round "04"]
[TimeControl "180+1"]
[Date "2022.11.22"]
[WhiteClock "0:00:01"]
[BlackClock "0:00:24"]

1. d4 Nf6 2. c4 e6 3. Nf3 b6 4. g3 Bb7 5. Bg2 Be7 6. O-O O-O 7. Re1 Ne4 8. Nfd2 d5 9. Nxe4 dxe4 10. Nc3 f5 11. d5 Na6 12. Bf4 Nc5 13. b4 Bf6 14. Qc2 Na6 15. a3 g5 16. Bd2 Qe7 17. Rad1 Rad8 18. Bc1 Nb8 19. f3 exd5 20. Nxd5 Bxd5 21. cxd5 Nd7 22. fxe4 fxe4 23. Qxe4 Qxe4 24. Bxe4 Ne5 25. Rf1 Kg7 26. Bf5 h6 27. e4 Nc4 28. Kg2 Be5 29. Be6 Nd6 30. Rde1 Rxf1 31. Rxf1 Ra8 32. a4 a5 33. b5 Rf8 34. Rxf8 Kxf8 35. Kf3 Kg7 36. h4 Kf6 37. Bh3 Bc3 38. Bf1 Nf7 39. Bd3 Ne5+ 40. Ke2 Bd4 41. Bc2 Nd7 42. Ba3 Ne5 43. Bf8 h5 44. Bh6 Nf7 45. hxg5+ Nxg5 46. Bf8 Be5 47. Kf2 Nf7 48. Ba3 Bd4+ 49. Kg2 Ne5 50. Bc1 Bc5 51. Kh3 Nf3 52. Bd1 Ng5+ 53. Kh4 Nxe4 54. Bxh5 Nc3 55. Bg5+ Kg7 56. Bf4 Bd6 57. Bxd6 cxd6 58. Kg5 Nxa4 59. Kf5 Nb2 60. Ke6 a4 61. Kxd6 a3 62. Kc7 Nc4 63. d6 Nxd6 64. Kxd6 a2 65. Kc6 a1=Q 66. Kxb6 Qd4+ 67. Ka6 Qa4+ 68. Kb6 Kf6 69. Be8 Ke7 70. Bc6 Kd6 71. g4 Qd4+ 72. Kb7 Qg7+ 73. Ka6 Kc5 74. Bg2 Qc7 75. b6 Qxb6# 0-1


[Site "https://www.chess.com"]

[Event "Titled Tuesday Blitz November 22 Early 2022"]
[White "Izuzquiza Gonzalez, Javier"]
[Black "Ronka, Erik"]
[WhiteFideId "3101029"]
[BlackFideId "505080"]
[WhiteElo "2034"]
[BlackElo "2264"]
[Result "1/2-1/2"]
[Round "04"]
[TimeControl "180+1"]
[Date "2022.11.23"]
[WhiteClock "0:00:51"]
[BlackClock "0:00:13"]

1. d4 d5 2. c4 c6 3. Nf3 Nf6 4. g3 Bf5 5. Bg2 Nbd7 6. O-O e6 7. b3 h6 8. Nc3 Bd6 9. Bb2 O-O 10. Nd2 Qe7 11. Re1 Ba3 12. Qc1 Bxb2 13. Qxb2 a5 14. e4 dxe4 15. Ndxe4 Nxe4 16. Nxe4 Bxe4 17. Bxe4 Nf6 18. Bg2 Rfd8 19. Rad1 Qb4 20. a3 Qb6 21. Qc3 Rd7 22. Re5 a4 23. b4 Rad8 24. c5 Qc7 25. f4 Nd5 26. Bxd5 Rxd5 27. Rxd5 Rxd5 28. Qc2 b5 29. cxb6 Qxb6 30. Qxa4 Rxd4 31. Rxd4 Qxd4+ 32. Kg2 Qd5+ 33. Kg1 g5 34. fxg5 hxg5 35. Qa5 Qd4+ 36. Kg2 Qe4+ 37. Kg1 Qe3+ 38. Kg2 Qe2+ 39. Kg1 Qe1+ 40. Kg2 Qe2+ 41. Kg1 Qe3+ 42. Kg2 Qe2+ 1/2-1/2


[Site "https://www.chess.com"]

[Event "Titled Tuesday Blitz November 22 Early 2022"]
[White "Janaszak, Dawid"]
[Black "Timofeev, Artyom"]
[WhiteFideId "1119206"]
[BlackFideId "4140419"]
[WhiteElo "2226"]
[BlackElo "2586"]
[Result "0-1"]
[Round "04"]
[TimeControl "180+1"]
[Date "2022.11.23"]
[WhiteClock "0:01:41"]
[BlackClock "0:02:11"]

1. e4 c5 2. Nc3 e6 3. f4 d5 4. Nf3 Nc6 5. Bb5 d4 6. Nb1 Bd7 7. d3 Qa5+ 8. Bd2 Qxb5 9. Na3 Qa6 10. O-O Nf6 11. f5 exf5 12. exf5 Be7 13. Ng5 O-O 14. Qf3 h6 15. h4 Ne5 16. Qg3 Bd6 17. Bf4 Nh5 18. Qh3 Nxf4 19. Rxf4 Nxd3 20. Rff1 Nf4 21. Qg4 h5 22. Qd1 Bxf5 23. g3 Ne2+ 0-1


[Site "https://www.chess.com"]

[Event "Titled Tuesday Blitz November 22 Early 2022"]
[White "Jeet, Jain"]
[Black "Korchmar, Vasiliy"]
[WhiteFideId "5073022"]
[BlackFideId "24131750"]
[WhiteElo "2067"]
[BlackElo "2370"]
[Result "0-1"]
[Round "04"]
[TimeControl "180+1"]
[Date "2022.11.23"]
[WhiteClock "0:00:33"]
[BlackClock "0:00:55"]

1. Nf3 d5 2. b3 Bg4 3. Bb2 e6 4. e3 Nf6 5. Be2 Bd6 6. d4 O-O 7. Nbd2 a5 8. a4 Nbd7 9. h3 Bh5 10. O-O c6 11. Ne5 Bxe2 12. Qxe2 Ne4 13. Nxe4 dxe4 14. Nxd7 Qxd7 15. c4 f5 16. f3 exf3 17. Rxf3 Rae8 18. e4 e5 19. d5 cxd5 20. cxd5 fxe4 21. Qxe4 Rxf3 22. Qxf3 Rf8 23. Qe3 Qf5 24. Re1 e4 25. Qd4 Rf7 26. Bc3 Qf4 0-1


[Site "https://www.chess.com"]

[Event "Titled Tuesday Blitz November 22 Early 2022"]
[White "Jobava, Baadur"]
[Black "Madaminov, Mukhiddin"]
[WhiteFideId "13601520"]
[BlackFideId "14210703"]
[WhiteElo "2582"]
[BlackElo "2341"]
[Result "1-0"]
[Round "04"]
[TimeControl "180+1"]
[Date "2022.11.22"]
[WhiteClock "0:00:12"]
[BlackClock "0:00:06"]

1. b3 Nf6 2. Bb2 g6 3. Bxf6 exf6 4. c4 Bg7 5. Nc3 f5 6. g3 Bxc3 7. dxc3 O-O 8. Bg2 Qf6 9. Qd4 Kg7 10. Nf3 Nc6 11. Qxf6+ Kxf6 12. h4 h6 13. O-O-O d6 14. Rhe1 Re8 15. Nd2 Kg7 16. Nf1 Ne5 17. Ne3 Rb8 18. Nd5 c6 19. Ne3 Rd8 20. Rd2 f6 21. Red1 Nf7 22. c5 Be6 23. cxd6 Rd7 24. c4 c5 25. Bd5 Re8 26. Kc2 h5 27. Kc3 a5 28. Kb2 Nd8 29. Ka3 Nc6 30. Bxc6 bxc6 31. Ka4 Rb8 32. Nc2 Kf7 33. Rd3 Ra7 34. d7 Rd8 35. Re3 Rdxd7 36. Rxd7+ Bxd7 37. Ne1 g5 38. Nd3 f4 39. gxf4 gxh4 40. Nxc5 Bg4 41. f3 Bf5 42. Rc3 h3 43. e4 Bc8 44. Rc2 Kg6 45. Rh2 h4 46. f5+ Kg5 47. Rxh3 Rh7 48. Nd3 Rd7 49. Kxa5 Rxd3 50. f4+ Kxf4 51. Rxd3 Kxe4 52. Rh3 Kxf5 53. Rxh4 Ke6 54. Rh8 Kd6 55. Rxc8 1-0


[Site "https://www.chess.com"]

[Event "Titled Tuesday Blitz November 22 Early 2022"]
[White "Johnson, Ben"]
[Black "Storey, Charles H"]
[WhiteFideId "2010917"]
[BlackFideId "406686"]
[WhiteElo "2161"]
[BlackElo "2252"]
[Result "0-1"]
[Round "04"]
[TimeControl "180+1"]
[Date "2022.11.23"]
[WhiteClock "0:00:03"]
[BlackClock "0:01:34"]

1. Nf3 g6 2. e4 Bg7 3. d4 c5 4. c4 cxd4 5. Nxd4 Nc6 6. Be3 d6 7. Be2 Bd7 8. Nc3 Nf6 9. O-O O-O 10. Rc1 Nxd4 11. Bxd4 Bc6 12. f3 a5 13. b3 Nd7 14. Bxg7 Kxg7 15. f4 Nc5 16. Bf3 Qb6 17. Kh1 a4 18. Rb1 axb3 19. axb3 Qb4 20. Nd5 Bxd5 21. exd5 Ra3 22. f5 Rxb3 23. Rxb3 Qxb3 24. Qd4+ f6 25. fxg6 hxg6 26. Re1 Rf7 27. Bg4 Qd3 28. Qf4 Qc3 29. Rd1 Qe5 30. Qf2 Ne4 31. Qe2 Nc3 32. Qxe5 fxe5 33. Rd3 Ne4 34. Kg1 Nf2 35. Rc3 Nxg4 0-1


[Site "https://www.chess.com"]

[Event "Titled Tuesday Blitz November 22 Early 2022"]
[White "Johnson, Donald"]
[Black "Ostrovskiy, Aleksandr"]
[WhiteFideId "30949122"]
[BlackFideId "2034239"]
[WhiteElo "2132"]
[BlackElo "2340"]
[Result "0-1"]
[Round "04"]
[TimeControl "180+1"]
[Date "2022.11.23"]
[WhiteClock "0:00:03"]
[BlackClock "0:00:04"]

1. e4 d5 2. exd5 Nf6 3. d4 Bg4 4. Nf3 Qxd5 5. Be2 Nc6 6. h3 Qh5 7. O-O O-O-O 8. hxg4 Nxg4 9. Bf4 f5 10. c3 g5 11. Bg3 Qg6 12. Nbd2 h5 13. Ne5 Qf6 14. Nxc6 Qxc6 15. Qc2 e6 16. Bf3 Qd7 17. Qb3 c6 18. Rfe1 h4 19. Be5 Rh6 20. Qa4 Nxe5 21. Rxe5 Bd6 22. Ree1 g4 23. Bd1 g3 24. Nc4 gxf2+ 25. Kxf2 Bg3+ 26. Kf1 Bxe1 27. Kxe1 b5 28. Qa6+ Qb7 29. Qxb7+ Kxb7 30. Ne5 Rg8 31. Bf3 h3 32. Kf2 hxg2 33. Bxg2 Rh2 34. Rg1 Kc7 35. Nf3 Rh7 36. Re1 Rhg7 37. Bf1 Kd6 38. b3 a5 39. c4 Rb8 40. c5+ Ke7 41. Ne5 Rc8 42. Bg2 Kf6 43. Nxc6 a4 44. b4 Rcg8 45. Bf3 Rh8 46. d5 Rh2+ 47. Ke3 exd5 48. Bxd5 Rh3+ 49. Kf2 Ra3 50. Re6+ Kg5 51. Nd4 Kf4 52. c6 Rh7 53. Ne2+ Kg5 54. Rd6 Rh2+ 55. Ke1 Re3 0-1


[Site "https://www.chess.com"]

[Event "Titled Tuesday Blitz November 22 Early 2022"]
[White "Jones, Daniel"]
[Black "Garv Gaur"]
[WhiteFideId "2019655"]
[BlackFideId "45030839"]
[WhiteElo "2342"]
[BlackElo "1960"]
[Result "1-0"]
[Round "04"]
[TimeControl "180+1"]
[Date "2022.11.23"]
[WhiteClock "0:00:27"]
[BlackClock "0:00:15"]

1. f4 d5 2. g3 c5 3. Bg2 Nc6 4. Nf3 g6 5. d3 Bg7 6. c3 Nf6 7. Qc2 O-O 8. e4 d4 9. e5 Nd5 10. O-O h6 11. Na3 Bf5 12. Nh4 dxc3 13. Nxf5 cxb2 14. Bxb2 gxf5 15. Qxc5 e6 16. Nc4 Rc8 17. Nd6 Rc7 18. Qf2 Ncb4 19. Ba3 Rc2 20. Qd4 Nc6 21. Qa4 Qb6+ 22. Kh1 Ne3 23. Nc4 Nxc4 24. dxc4 Re2 25. Rab1 Qe3 26. Qb3 Qd2 27. Rb2 Qe3 28. Qxe3 Rxe3 29. Bxf8 Bxf8 30. Rxb7 Nd4 31. Rxa7 Bc5 32. Rc7 1-0


[Site "https://www.chess.com"]

[Event "Titled Tuesday Blitz November 22 Early 2022"]
[White "Jones, Gawain C B"]
[Black "Movahed, Sina"]
[WhiteFideId "409561"]
[BlackFideId "42520835"]
[WhiteElo "2657"]
[BlackElo "2225"]
[Result "1-0"]
[Round "04"]
[TimeControl "180+1"]
[Date "2022.11.22"]
[WhiteClock "0:00:03"]
[BlackClock "0:00:03"]

1. Nf3 Nf6 2. g3 g6 3. b3 Bg7 4. Bb2 O-O 5. Bg2 c5 6. c4 b6 7. d4 Bb7 8. d5 e6 9. dxe6 dxe6 10. O-O Qe7 11. Nbd2 Nc6 12. e3 Rad8 13. Qe2 e5 14. Ng5 h6 15. Nge4 Nxe4 16. Nxe4 Nb4 17. Rfd1 f5 18. Nc3 Bxg2 19. Kxg2 Qb7+ 20. Nd5 Nxd5 21. cxd5 e4 22. Bxg7 Kxg7 23. Qc4 Rd6 24. Rd2 Rfd8 25. Rad1 a5 26. h4 h5 27. Qc3+ Kf7 28. Qc4 Qe7 29. a3 Qb7 30. b4 cxb4 31. axb4 b5 32. Qd4 a4 33. Qe5 Qe7 34. Qd4 Rxd5 35. Qxd5+ Rxd5 36. Rxd5 Qxb4 37. Rd7+ Ke6 38. Rg7 a3 39. Rxg6+ Ke5 40. Ra6 Qb3 41. Rd7 b4 42. Rb7 Qc4 43. Ra5+ Kd6 44. Rb6+ Kc7 45. Rh6 Qc3 46. Ra7+ Kb8 47. Rf7 Qc7 48. Rh8+ Kb7 49. Rhh7 Qxf7 50. Rxf7+ Kb6 51. Rf6+ Kb5 52. Rxf5+ Ka4 53. g4 a2 54. Rf8 1-0


[Site "https://www.chess.com"]

[Event "Titled Tuesday Blitz November 22 Early 2022"]
[White "Jumabayev, Rinat"]
[Black "Zaksaite, Salomeja"]
[WhiteFideId "13702661"]
[BlackFideId "12801496"]
[WhiteElo "2561"]
[BlackElo "2079"]
[Result "1-0"]
[Round "04"]
[TimeControl "180+1"]
[Date "2022.11.23"]
[WhiteClock "0:00:20"]
[BlackClock "0:00:01"]

1. d4 Nf6 2. c4 g6 3. Nc3 d5 4. Nf3 Bg7 5. Bg5 O-O 6. e3 c5 7. cxd5 cxd4 8. Qxd4 Nbd7 9. Rd1 Qa5 10. Qd2 Nb6 11. e4 Na4 12. e5 Nxc3 13. Qxc3 Qxc3+ 14. bxc3 Ne4 15. Bxe7 Re8 16. d6 Bd7 17. Bc4 Rac8 18. Bb3 Rxc3 19. O-O Nc5 20. Bd5 Rxf3 21. Bxf3 Bxe5 22. Rfe1 f6 23. g3 Kg7 24. Bd5 b6 25. Kg2 a5 26. Re3 Ba4 27. Rd2 Bb5 28. h4 h5 29. Rd1 Bd7 30. Rb1 Rb8 31. f4 Bd4 32. Re2 Na4 33. Rc1 Bc5 34. Bb3 b5 35. Bxa4 bxa4 36. Rxc5 a3 37. Rc7 1-0


[Site "https://www.chess.com"]

[Event "Titled Tuesday Blitz November 22 Early 2022"]
[White "Kilic, Eray"]
[Black "Principe, Gerson"]
[WhiteFideId "44517173"]
[BlackFideId "3804550"]
[WhiteElo "2328"]
[BlackElo "2280"]
[Result "1-0"]
[Round "04"]
[TimeControl "180+1"]
[Date "2022.11.23"]
[WhiteClock "0:00:52"]
[BlackClock "0:00:05"]

1. e4 c6 2. Nc3 d5 3. Nf3 Bg4 4. h3 Bxf3 5. Qxf3 e6 6. d4 dxe4 7. Nxe4 Nd7 8. c3 Ngf6 9. Bd3 Nxe4 10. Bxe4 Bd6 11. O-O O-O 12. Re1 Qc7 13. Bg5 h6 14. Bd2 Rae8 15. Bc2 Kh8 16. Re2 c5 17. dxc5 Nxc5 18. Rae1 a5 19. Qh5 Kg8 20. b4 Nd7 21. Bxh6 gxh6 22. Qxh6 f5 23. Rxe6 Rxe6 24. Rxe6 Ne5 25. Rxd6 Qg7 26. Bb3+ Nf7 27. Qh5 a4 28. Bxf7+ 1-0


[Site "https://www.chess.com"]

[Event "Titled Tuesday Blitz November 22 Early 2022"]
[White "Kim, Sergey"]
[Black "Sadhwani, Raunak"]
[WhiteFideId "13700570"]
[BlackFideId "35093487"]
[WhiteElo "2603"]
[BlackElo "2656"]
[Result "1-0"]
[Round "04"]
[TimeControl "180+1"]
[Date "2022.11.23"]
[WhiteClock "0:01:01"]
[BlackClock "0:00:39"]

1. d4 Nf6 2. c4 g6 3. Nc3 Bg7 4. e4 d6 5. Nge2 O-O 6. Ng3 Nc6 7. d5 Ne5 8. Be2 e6 9. O-O Re8 10. f4 Ned7 11. Bf3 h5 12. dxe6 Rxe6 13. f5 Re8 14. Bg5 c6 15. Qd2 Qb6+ 16. Kh1 Qc5 17. Rad1 Ne5 18. Be2 Nfg4 19. Bxg4 Nxg4 20. h3 Ne5 21. b3 Qa5 22. Rc1 Nd7 23. Bh6 Qe5 24. Bxg7 Kxg7 25. Rf3 Nf6 26. Rcf1 Nh7 27. fxg6 fxg6 28. Rf7+ Kg8 29. Qh6 1-0


[Site "https://www.chess.com"]

[Event "Titled Tuesday Blitz November 22 Early 2022"]
[White "Kiseljova, Marya"]
[Black "Szyszylo, Rafal"]
[WhiteFideId "4155009"]
[BlackFideId "1109626"]
[WhiteElo "1907"]
[BlackElo "1981"]
[Result "0-1"]
[Round "04"]
[TimeControl "180+1"]
[Date "2022.11.23"]
[WhiteClock "0:00:06"]
[BlackClock "0:00:21"]

1. d4 d6 2. Nf3 g6 3. Nc3 Bg7 4. h3 Nf6 5. e4 O-O 6. Be2 c6 7. Bg5 b5 8. e5 Ne8 9. O-O Nc7 10. exd6 Qxd6 11. Ne4 Qd8 12. c3 Nd7 13. a4 a6 14. axb5 axb5 15. Rxa8 Nxa8 16. Qa1 Nc7 17. Nfd2 Ne6 18. Be3 Bb7 19. Nb3 f5 20. Nec5 Ndxc5 21. Nxc5 Nxc5 22. dxc5 f4 23. Qa2+ Kh8 24. Rd1 Qc7 25. Bd4 e5 26. Qe6 exd4 27. cxd4 Bc8 28. Qb3 Qe7 29. Bf3 Be6 30. Qc2 Bd5 31. Bg4 Qe4 32. Qxe4 Bxe4 33. f3 Bc2 34. Rd2 Bb3 35. Bd7 Bd5 36. Kf2 Rd8 37. Bg4 h5 38. Re2 hxg4 39. hxg4 Bxd4+ 40. Kf1 Bxc5 0-1


[Site "https://www.chess.com"]

[Event "Titled Tuesday Blitz November 22 Early 2022"]
[White "Kleiman, Jake"]
[Black "Harsha Bharathakoti"]
[WhiteFideId "2020041"]
[BlackFideId "5078776"]
[WhiteElo "2574"]
[BlackElo "2523"]
[Result "1-0"]
[Round "04"]
[TimeControl "180+1"]
[Date "2022.11.23"]
[WhiteClock "0:00:03"]
[BlackClock "0:00:03"]

1. e4 c6 2. Nc3 d5 3. Nf3 Bg4 4. h3 Bxf3 5. Qxf3 e6 6. a3 Bc5 7. g3 Ne7 8. Bg2 O-O 9. O-O f5 10. exd5 exd5 11. d3 f4 12. Bxf4 Ng6 13. Ne2 Bd6 14. Rae1 Bxf4 15. Nxf4 Nxf4 16. gxf4 Qf6 17. Qg4 Na6 18. Re6 Qxf4 19. Re7 Qxg4 20. hxg4 Rf7 21. Rfe1 Kf8 22. Rxf7+ Kxf7 23. f4 Nc5 24. Kf2 h6 25. Kf3 a5 26. Kg3 Kf6 27. d4 Na4 28. b3 Nc3 29. a4 b5 30. Re3 b4 31. Re5 Rc8 32. g5+ Kf7 33. Bh3 Rc7 34. Be6+ Kf8 35. Kg4 Ne4 36. Kf5 hxg5 37. fxg5 Nd6+ 38. Kg6 Re7 39. Re3 Ke8 40. Re5 Kd8 41. Kh7 Ne4 42. Kg6 Nd6 43. Bg4 Kc7 44. Rxe7+ 1-0


[Site "https://www.chess.com"]

[Event "Titled Tuesday Blitz November 22 Early 2022"]
[White "Kodinets, Konstantin L."]
[Black "Topalov, Aleksandar"]
[WhiteFideId "4122011"]
[BlackFideId "925659"]
[WhiteElo "2447"]
[BlackElo "2179"]
[Result "1-0"]
[Round "04"]
[TimeControl "180+1"]
[Date "2022.11.23"]
[WhiteClock "0:00:14"]
[BlackClock "0:00:01"]

1. d4 Nf6 2. Nf3 g6 3. Bg5 Bg7 4. Nbd2 d5 5. e3 c6 6. Be2 h6 7. Bh4 g5 8. Bg3 Nh5 9. c4 Nxg3 10. hxg3 dxc4 11. Nxc4 Be6 12. a3 Nd7 13. b4 a5 14. Nxa5 Qc7 15. Bc4 Bg4 16. Qc2 Nb6 17. Bb3 e6 18. Rc1 Nd7 19. O-O O-O 20. Qa2 Nf6 21. Ne5 Bf5 22. f3 Rfd8 23. g4 Bh7 24. Rfd1 Nd5 25. Bxd5 Rxd5 26. Nexc6 bxc6 27. Nxc6 Qd7 28. a4 Bg6 29. b5 Rxb5 30. Qc4 Rd5 31. Rb1 Kh7 32. Rb5 Rc8 33. Rc1 Rd6 34. Rc5 Rd5 35. Rxd5 exd5 36. Qb5 Qe6 37. Kf2 Re8 38. Rc3 Ra8 39. Nb4 Bf8 40. Nxd5 Qa6 41. Nf6+ Kg7 42. Qe5 Bd6 43. Ne8+ Kf8 44. Qxd6+ Qxd6 45. Nxd6 Rxa4 46. Nf5 Bxf5 47. gxf5 Ra2+ 48. Kg3 h5 49. e4 f6 50. d5 Ke7 51. Rc7+ Kd6 52. Rf7 Ke5 53. Re7+ Kd4 54. Re6 h4+ 55. Kh3 Ra1 56. Rxf6 Ke3 57. d6 Kf4 58. Kh2 Rd1 59. Rg6 Rd2 60. f6 1-0


[Site "https://www.chess.com"]

[Event "Titled Tuesday Blitz November 22 Early 2022"]
[White "Kollars, Dmitrij"]
[Black "Baskakov, Egor"]
[WhiteFideId "12909572"]
[BlackFideId "24197866"]
[WhiteElo "2584"]
[BlackElo "2211"]
[Result "0-1"]
[Round "04"]
[TimeControl "180+1"]
[Date "2022.11.22"]
[WhiteClock "0:00:05"]
[BlackClock "0:00:08"]

1. e4 c5 2. c3 Nf6 3. e5 Nd5 4. Bc4 Nb6 5. Bb3 g6 6. Nf3 Bg7 7. d4 cxd4 8. cxd4 Nc6 9. Ng5 d5 10. f4 h6 11. Nf3 Bg4 12. Be3 e6 13. Nbd2 Rc8 14. O-O O-O 15. h3 Bf5 16. Qe2 Na5 17. Rac1 Qd7 18. Nh4 Be4 19. Bf2 Rxc1 20. Rxc1 Nxb3 21. axb3 Rc8 22. Rxc8+ Qxc8 23. Nxe4 dxe4 24. Qxe4 Qc1+ 25. Kh2 Qxb2 26. Bg1 Nd5 27. f5 gxf5 28. Nxf5 Qxb3 29. Nd6 Qd1 30. Qh4 Nc3 31. Ne8 Qc1 32. Qg3 Qxg1+ 33. Kxg1 Ne2+ 34. Kf2 Nxg3 35. Kxg3 b5 36. Kf3 a5 37. Ke4 a4 38. Kd3 b4 39. Nd6 Bf8 40. Ne4 Be7 41. Kc4 b3 42. Kc3 Kf8 43. g4 Ke8 44. Kb2 Kd7 45. Nc3 Kc6 46. Nxa4 Kd5 47. Kc3 Bh4 48. Nb2 Bf2 49. Kxb3 Bxd4 50. Nd3 Ke4 51. Kc4 Bxe5 52. Nc5+ Kf3 53. Kd3 Kg3 54. Ke4 Bd6 55. Nd7 Kxh3 56. Kf3 Kh4 57. Nf6 Be7 58. Ne4 h5 59. gxh5 Kxh5 60. Kf4 Kg6 61. Ke5 Bf8 62. Nf2 Bg7+ 63. Kd6 Kf5 64. Nd1 Bh6 65. Ke7 f6 66. Kd6 e5 67. Kd5 Bf4 68. Nc3 Kg4 69. Ne4 f5 70. Nd6 Bh2 71. Ke6 f4 72. Ne4 f3 73. Kd5 Kf4 74. Nf2 Bg3 75. Ne4 f2 76. Nd2 Ke3 77. Nf1+ Kf3 78. Kc4 e4 79. Kd4 Bf4 0-1


[Site "https://www.chess.com"]

[Event "Titled Tuesday Blitz November 22 Early 2022"]
[White "Kosakowski, Jakub"]
[Black "Crevatin, Leo"]
[WhiteFideId "1185080"]
[BlackFideId "1726307"]
[WhiteElo "2463"]
[BlackElo "2208"]
[Result "1-0"]
[Round "04"]
[TimeControl "180+1"]
[Date "2022.11.23"]
[WhiteClock "0:02:25"]
[BlackClock "0:01:17"]

1. e4 c5 2. Nf3 d6 3. d4 cxd4 4. Nxd4 Nf6 5. Nc3 Nc6 6. Bg5 e6 7. Qd3 a6 8. Nxc6 bxc6 9. O-O-O Be7 10. Qg3 Qc7 11. Be2 Rb8 12. e5 dxe5 13. Bxf6 gxf6 14. Qg7 Rf8 15. Ne4 f5 16. Nf6+ Bxf6 17. Qxf6 e4 18. Rd2 Qe7 19. Qe5 Ra8 20. Rhd1 f6 21. Bh5+ 1-0


[Site "https://www.chess.com"]

[Event "Titled Tuesday Blitz November 22 Early 2022"]
[White "Kouskoutis, Georgios-Alexandros"]
[Black "Maung, Maung Kyaw Zaw Hein"]
[WhiteFideId "4234049"]
[BlackFideId "13001698"]
[WhiteElo "2187"]
[BlackElo "2019"]
[Result "0-1"]
[Round "04"]
[TimeControl "180+1"]
[Date "2022.11.23"]
[WhiteClock "0:00:04"]
[BlackClock "0:00:28"]

1. Nf3 Nf6 2. g3 b6 3. Bg2 Bb7 4. O-O d6 5. c4 Nbd7 6. Nc3 e5 7. d4 Be7 8. Re1 O-O 9. Nxe5 Bxg2 10. Nxd7 Qxd7 11. Kxg2 d5 12. cxd5 Nxd5 13. e4 Nxc3 14. bxc3 f5 15. e5 Rad8 16. Qf3 b5 17. h4 b4 18. Bb2 c5 19. Rad1 f4 20. dxc5 Qe6 21. Rxd8 Bxd8 22. cxb4 fxg3 23. Qxg3 a5 24. Qb3 Qxb3 25. axb3 axb4 26. e6 Be7 27. c6 Rc8 28. Rc1 g5 29. Be5 gxh4 30. c7 h5 31. Rd1 Kh7 32. Rd8 Bxd8 33. cxd8=Q Rxd8 34. Bf6 Re8 35. e7 Kg6 36. Bxh4 Kf7 37. Kh3 Rc8 38. Bg3 Rc3 39. Kh4 Rxb3 40. Bd6 Rd3 41. Bxb4 Rd4+ 42. Kxh5 Rxb4 43. Kg5 Kxe7 44. f4 Kf7 45. f5 Rb5 0-1


[Site "https://www.chess.com"]

[Event "Titled Tuesday Blitz November 22 Early 2022"]
[White "Kovacevic, Radmila"]
[Black "Chan, Kim Yew"]
[WhiteFideId "933171"]
[BlackFideId "5717981"]
[WhiteElo "2208"]
[BlackElo "2206"]
[Result "1-0"]
[Round "04"]
[TimeControl "180+1"]
[Date "2022.11.23"]
[WhiteClock "0:00:50"]
[BlackClock "0:00:15"]

1. e4 c5 2. Be2 Nc6 3. f4 d5 4. d3 e6 5. Nf3 g6 6. O-O Bg7 7. c3 Nge7 8. Qe1 b5 9. Qh4 b4 10. g4 f5 11. gxf5 exf5 12. e5 bxc3 13. bxc3 O-O 14. Ba3 d4 15. Bxc5 dxc3 16. Nxc3 Qa5 17. Bxe7 Nxe7 18. Rac1 Nd5 19. Nxd5 Qxd5 20. Rc7 Bb7 21. Rb1 Rab8 22. Qe7 Rf7 23. Qxf7+ Qxf7 24. Rxf7 Kxf7 25. Ng5+ Ke7 26. Bf3 1-0


[Site "https://www.chess.com"]